Map: 아크로폴리스 - 래더

Players

TSGSolar (Solar) - Winner!

  • Race: Zerg Zerg
  • League: Diamond
  • Spawn Location: 5:00

llllllllllll (Stats)

  • Race: Protoss Protoss
  • League: Master
  • Spawn Location: 11:00

Event: HomeStory Cup XX

VOD

Have the link to the VOD?

Description

Time

  • Played on: Nov. 23, 2019, 5 a.m.
  • Length: 17:26

All games in this series

Show
View Real Time Build Order
Export as new Build Order

TSGSolar Zerg - Winner!

Build Orders: Hatch First, Brood Lord Corruptor, Swarm Host 

Get SALT Encoding   

  12  0:01  Drone  
  13  0:12  Overlord  
  13  0:17  Drone  
  14  0:30  Drone x2  
  16  0:47  Hatchery  
  15  0:51  Drone  
  15  0:54  Drone  
  17  0:57  Drone  
  18  1:08  Extractor  
  17  1:13  Spawning Pool  
  17  1:16  Drone  
  17  1:19  Drone  
  18  1:28  Drone  
  19  1:38  Drone  
  20  1:46  Hatchery  
  19  1:51  Drone  
  20  2:00  Zergling x2  
  21  2:03  Queen  
  21  2:07  Drone  
  24  2:11  Drone  
  25  2:16  Overlord  
  25  2:26  Queen  
  25  2:29  Drone  
  28  2:32  Metabolic Boost  
  28  2:36  Zergling x2  
  29  2:40  Drone  
  30  2:46  Queen  
  30  2:47  Drone  
  33  2:51  Drone  
  33  2:52  Drone  
  33  2:56  Drone  
  33  2:58  Drone  
  37  3:02  Queen  
  38  3:07  Overlord  
  38  3:12  Drone x2  
  40  3:15  Drone  
  41  3:21  Overlord  
  41  3:25  Queen  
  43  3:27  Spore Crawler  
  43  3:28  Drone  
  43  3:30  Drone  
  43  3:32  Zergling x2  
  43  3:33  Zergling x2  
  46  3:35  Zergling x2  
  46  3:38  Overlord  
  46  3:40  Drone  
  48  3:43  Drone  
  48  3:47  Overlord  
  49  3:49  Spore Crawler  
  49  3:50  Drone  
  49  3:58  Drone x5  
  49  4:01  Overlord  
  54  4:03  Drone  
  54  4:06  Drone  
  54  4:08  Drone x2  
  58  4:13  Drone x3  
  61  4:20  Zergling x6  
  61  4:21  Lair  
  64  4:27  Roach Warren  
  64  4:29  Extractor, Drone  
  64  4:30  Extractor, Drone  
  64  4:31  Drone  
  64  4:34  Drone  
  64  4:37  Drone x3  
  68  4:38  Drone  
  68  4:39  Drone  
  68  4:43  Drone x3  
  73  4:47  Overlord  
  73  4:48  Overlord  
  73  4:51  Extractor, Drone  
  73  4:52  Extractor, Drone x2  
  74  4:55  Overlord  
  74  5:03  Overlord  
  74  5:07  Drone x2  
  74  5:09  Drone  
  74  5:11  Drone  
  74  5:12  Drone  
  79  5:15  Evolution Chamber  
  79  5:16  Drone x3  
  79  5:18  Extractor, Roach x3  
  85  5:21  Zergling x6  
  85  5:24  Overlord  
  85  5:27  Glial Reconstitution  
  85  5:28  Drone x2  
  90  5:31  Overseer  
  89  5:37  Drone x3  
  89  5:39  Infestation Pit  
  90  5:46  Drone, Overlord  
  90  5:47  Drone  
  90  5:48  Zergling x4, Roach x2  
  90  5:49  Zerg Missile Weapons Level 1, Zergling x2  
  99  5:59  Overlord  
  99  6:03  Hatchery  
  99  6:04  Overlord  
  97  6:13  Overlord  
  97  6:14  Swarm Host  
  97  6:15  Swarm Host  
  103  6:18  Swarm Host x6  
  103  6:22  Swarm Host  
  103  6:24  Overlord  
  103  6:25  Overlord  
  124  6:32  Nydus Network  
  123  6:36  Overlord  
  123  6:37  Swarm Host  
  123  6:38  Overlord  
  126  6:45  Swarm Host x2  
  131  6:47  Overlord  
  131  6:49  Overlord  
  131  6:51  Roach x3  
  131  6:53  Roach x2  
  131  6:54  Zergling x4  
  141  6:55  Zergling x2, Roach  
  141  6:56  Zergling x2  
  145  7:02  Roach  
  145  7:06  Roach x2  
  151  7:12  Nydus Canal, Overlord  
  151  7:14  Roach x3  
  156  7:19  Roach x2  
  156  7:22  Swarm Host  
  159  7:25  Ravager x2  
  159  7:26  Overlord  
  159  7:28  Zergling x6  
  167  7:30  Zergling x2, Roach x2  
  167  7:31  Zergling x4  
  167  7:33  Nydus Canal  
  167  7:34  Roach  
  167  7:35  Zergling x2  
  176  7:40  Ravager  
  176  7:43  Zergling x6  
  180  7:47  Roach x4  
  180  7:49  Nydus Canal  
  180  7:56  Roach  
  180  7:57  Roach x2  
  185  7:58  Queen  
  185  8:00  Roach  
  189  8:06  Nydus Canal, Roach  
  189  8:07  Roach x4  
  189  8:12  Extractor  
  198  8:15  Roach x2  
  198  8:18  Roach x3  
  199  8:23  Nydus Canal  
  196  8:27  Roach  
  196  8:28  Roach  
  196  8:30  Roach  
  196  8:34  Roach  
  196  8:35  Roach  
  196  8:36  Roach  
  196  8:38  Roach  
  196  8:40  Roach  
  197  8:47  Ravager  
  197  8:48  Zerg Missile Weapons Level 2  
  196  8:50  Zergling x4, Ravager  
  199  8:57  Extractor, Drone  
  184  9:18  Zergling x20  
  184  9:19  Zergling x24  
  184  9:21  Hive  
  184  9:22  Spire, Roach x3  
  189  9:28  Queen  
  189  9:29  Queen  
  189  9:31  Queen  
  188  9:35  Roach x2  
  188  9:39  Ravager  
  188  9:40  Ravager x4  
  188  9:43  Nydus Canal  
  192  9:46  Roach x2  
  192  9:47  Roach  
  190  9:57  Roach x2  
  194  10:04  Queen  
  196  10:20  Nydus Canal  
  196  10:27  Drone x4  
  195  10:38  Greater Spire  
  195  10:42  Spine Crawler x2  
  191  10:44  Zergling x10  
  190  10:59  Corruptor x4  
  196  11:05  Nydus Canal  
  196  11:09  Zerg Melee Weapons Level 1  
  196  11:10  Corruptor  
  198  11:23  Corruptor x3  
  190  11:52  Spine Crawler  
  190  11:53  Spine Crawler  
  188  11:54  Spine Crawler, Brood Lord x6  
  188  11:55  Spine Crawler  
  188  12:01  Corruptor  
  198  12:03  Zerg Flyer Weapons Level 1  
  198  12:05  Corruptor x3, Brood Lord x2  
  194  12:14  Spine Crawler  
  194  12:15  Spine Crawler x2  
  189  12:32  Brood Lord  
  189  12:36  Brood Lord x3  
  194  12:49  Zergling x2  
  194  12:50  Zergling x18  
  196  12:59  Roach x2  
  200  13:14  Hatchery  
  198  13:21  Nydus Canal  
  198  13:26  Roach  
  197  13:29  Roach  
  193  13:38  Zergling x14  
  199  13:51  Roach  
  199  13:52  Roach x2  
  197  13:56  Zergling x12, Roach  
  197  13:58  Roach  
  197  13:59  Zergling x2, Roach x3  
  199  14:07  Roach  
  199  14:08  Roach x8  
  199  14:09  Roach x2  
  197  14:10  Roach  
  195  14:36  Overseer x5  
  195  14:37  Zerg Flyer Armor Level 1  
  191  14:42  Corruptor x6  
  193  14:49  Corruptor x4  
  195  14:56  Overseer  
  179  15:16  Brood Lord x5  
  189  15:21  Corruptor x5  
  199  15:29  Nydus Canal  
  196  16:19  Zergling x2  
  196  16:20  Zergling x6  
  198  16:27  Zergling x16  
  198  16:31  Roach x2  
  198  16:32  Brood Lord  
  198  16:35  Nydus Canal  
  198  16:36  Roach x2  
  198  16:39  Roach x2  
  196  16:41  Roach x2  
  196  16:42  Roach  
  196  16:43  Roach x2  
  198  16:52  Roach  
  196  17:07  Roach x2  
  186  17:20  Nydus Canal  
  164  17:23  Ravager x2  
Show
View Real Time Build Order
Export as new Build Order

llllllllllll Protoss 

Build Orders: 1 Gate Expand, Oracle Opening, Phoenix Opening, Archon Immortal 

Get SALT Encoding   

  12  0:00  Probe  
  13  0:13  Probe  
  14  0:18  Pylon  
  14  0:24  Probe  
  15  0:32  Probe  
  15  0:39  Gateway  
  15  0:41  Probe  
  16  0:47  Assimilator  
  17  0:51  Probe  
  18  1:03  Probe  
  19  1:15  Probe  
  20  1:23  Nexus  
  20  1:33  Cybernetics Core  
  20  1:37  Probe  
  21  1:43  Assimilator  
  21  1:49  Pylon  
  21  1:52  Probe  
  22  2:00  Adept  
  22  2:04  Probe  
  25  2:17  Probe  
  25  2:18  Stargate  
  26  2:27  Probe  
  26  2:28  Warp Gate  
  27  2:32  Probe  
  27  2:35  Probe  
  27  2:36  Adept  
  30  2:40  Probe  
  30  2:43  Probe  
  31  2:50  Probe  
  33  2:55  Probe  
  33  2:56  Phoenix  
  35  3:02  Probe  
  38  3:07  Probe  
  39  3:14  Probe  
  39  3:16  Oracle  
  39  3:19  Probe  
  41  3:23  Assimilator  
  41  3:26  Probe, Gateway  
  45  3:31  Probe  
  46  3:37  Robotics Facility  
  46  3:44  Pylon  
  46  3:51  Nexus  
  46  3:56  Assimilator  
  46  3:59  Pylon  
  46  4:00  Probe  
  46  4:02  Probe  
  48  4:08  Probe  
  48  4:12  Oracle  
  48  4:14  Probe  
  48  4:16  Probe  
  53  4:21  Immortal  
  54  4:27  Probe  
  54  4:29  Probe  
  54  4:30  Pylon  
  60  4:39  Probe  
  60  4:41  Probe  
  59  4:46  Pylon, Sentry  
  59  4:49  Zealot  
  59  4:51  Probe  
  64  4:53  Probe  
  64  4:56  Gateway x2  
  64  4:58  Observer  
  65  5:00  Twilight Council  
  65  5:01  Forge  
  65  5:03  Probe  
  67  5:08  Probe  
  67  5:09  Probe  
  67  5:13  Sentry  
  67  5:14  Probe, Zealot  
  73  5:18  Probe x2  
  76  5:22  Probe  
  76  5:26  Probe  
  76  5:30  Probe x2, Protoss Ground Weapons Level 1  
  76  5:31  Phoenix x2  
  76  5:35  Probe  
  78  5:38  Charge  
  78  5:41  Probe x2  
  80  5:45  Templar Archives  
  80  5:48  Probe  
  81  5:50  Assimilator  
  81  5:52  Assimilator  
  81  5:53  Probe, Gateway x2  
  81  5:54  Probe  
  81  5:55  Pylon  
  83  6:01  Probe  
  84  6:04  Sentry, Zealot x2  
  84  6:05  Probe  
  84  6:06  Probe  
  92  6:14  Probe  
  92  6:17  Pylon  
  92  6:18  Probe x2  
  95  6:19  Pylon  
  95  6:22  Pylon  
  95  6:26  High Templar x2, Zealot  
  95  6:29  Shield Battery  
  95  6:30  Archon  
  101  6:33  Pylon  
  101  6:34  Pylon  
  101  6:36  Pylon  
  101  6:39  Stalker  
  103  6:48  Psionic Storm  
  103  6:50  High Templar x2, Zealot  
  103  6:53  Void Ray  
  113  6:54  Gateway  
  113  6:55  Archon, Gateway  
  113  7:05  Zealot x3  
  113  7:07  Immortal  
  119  7:22  Shield Battery  
  123  7:23  Shield Battery x2  
  123  7:25  Shield Battery  
  123  7:27  Zealot x6  
  133  7:47  Protoss Ground Weapons Level 2  
  133  7:51  High Templar x4, Zealot x3  
  139  7:52  Zealot  
  139  7:54  Pylon  
  139  7:56  Pylon  
  139  7:58  Pylon  
  147  8:00  Pylon  
  147  8:05  Blink  
  147  8:09  Pylon  
  147  8:11  Pylon, Immortal  
  147  8:12  Pylon  
  147  8:19  Zealot x4  
  151  8:33  Sentry x2  
  141  8:36  Zealot x2  
  139  8:42  Zealot x4  
  139  8:46  Immortal  
  151  8:58  Nexus  
  151  9:00  Pylon  
  151  9:07  Zealot x7  
  126  9:25  Stalker  
  126  9:29  Stalker x2  
  126  9:30  Stalker x4  
  132  9:34  Stalker  
  132  9:53  Stalker x4  
  132  10:16  Robotics Facility  
  132  10:18  Twilight Council  
  132  10:19  Stalker x7  
  146  10:24  Stalker  
  141  10:52  Stalker x4  
  141  10:53  Protoss Shields Level 1, Stalker x3  
  141  10:56  Observer  
  148  11:09  Stalker  
  149  11:16  Fleet Beacon  
  139  11:36  Stalker x8  
  147  11:54  Probe  
  147  11:55  Probe x2  
  141  12:04  Mothership  
  141  12:11  Probe x3  
  144  12:19  Pylon  
  144  12:25  Cybernetics Core  
  144  12:27  Nexus  
  144  12:28  Pylon  
  144  12:29  Templar Archives  
  148  12:39  Stalker x3  
  154  12:48  Observer  
  154  12:53  Probe x2  
  156  13:05  Probe  
  157  13:08  Protoss Air Weapons Level 1  
  157  13:19  Zealot  
  159  13:20  Zealot x7  
  156  13:43  Stalker x4  
  156  13:44  Stalker x2  
  141  14:15  Probe x4  
  143  14:27  High Templar x6  
  143  14:28  Stalker  
  157  14:31  Archon x3  
  141  14:59  Stalker x4  
  141  15:00  Stalker x3  
  141  15:03  Assimilator  
  147  15:07  Assimilator  
  147  15:11  Probe x4  
  147  15:12  Pylon  
  147  15:22  Nexus  
  147  15:23  Pylon  
  147  15:25  High Templar x5  
  147  15:26  High Templar  
  159  15:39  Archon  
  159  15:50  Probe x4  
  159  15:53  Stargate  
  159  15:55  Stargate  
  169  15:59  High Templar  
  169  16:00  High Templar x3  
  169  16:02  Stalker x3  
  169  16:04  Archon x2  
  142  16:35  Stalker x4  
  142  16:36  Stalker x2  
  142  16:37  Stalker  
  120  17:02  Stalker x3  
Tags
 
Add a new tag
Caveats
  • Supply blocks, unpowered buildings, or Contaminate may cause inaccurate times.
  • Supply counts are checked every 10 seconds.